 Dungeon Crawl Stone Soup version 0.30-a0-711-gf4ac18a38d (webtiles) character file.

Game seed: 14343718166522929894

6 croobank the Insei (level 1, -2/16 HPs)
             Began as a Demigod Transmuter on Jan 23, 2023.
             Frozen to death by an endoplasm (5 damage)
             ... on level 1 of the Dungeon.
             The game lasted 00:00:15 (73 turns).

croobank the Insei (Demigod Transmuter)               Turns: 73, Time: 00:00:16

Health: -2/16      AC:  2    Str: 11    XL:     1   Next: 60%
Magic:  3/5        EV: 12    Int: 15    God:
Gold:   13         SH:  0    Dex: 14    Spells: 2/3 levels left

rFire   . . .      SeeInvis .      - Unarmed
rCold   . . .      Faith    .    (no shield)
rNeg    . . .      Spirit   .    a - +0 robe
rPois   .          Reflect  .    (helmet currently unavailable)
rElec   .          Harm     .    (no cloak)
rCorr   .          Rampage  .    (no gloves)
Will    .....                    (boots currently unavailable)
Stlth   +                        (no amulet)
HPRegen 0.22/turn                (no ring)
MPRegen 0.09/turn                (no ring)

@: appendages
A: horns 2, talons 2, high MP 1, forlorn, divine attributes
a: End Transformation


You were on level 1 of the Dungeon.
You had temporarily grown beastly horns and talons.
You visited 1 branch of the dungeon, and saw 1 of its levels.

You collected 13 gold pieces.

Inventory:

Armour
 a - a +0 robe (worn)
Potions
 b - a potion of lignification


   Skills:
 + Level 1.0 Fighting
 + Level 1.9 Dodging
 + Level 2.7 Unarmed Combat
 + Level 1.8 Spellcasting
 + Level 1.9 Transmutations


You had 2 spell levels left.
You knew the following spells:

 Your Spells              Type           Power      Damage    Failure   Level
a - Beastly Appendage     Tmut           14%        N/A       11%         1

Your spell library contained the following spells:

 Spells                   Type           Power      Damage    Failure   Level
 Wereblood                Tmut           7%         N/A       16%         2
 Spider Form              Tmut/Pois      4%         N/A       41%         3
 Ice Form                 Ice/Tmut       4%         N/A       83%         4


Dungeon Overview and Level Annotations

Branches:
Dungeon (1/15)


Innate Abilities, Weirdness & Mutations

You have temporarily grown beastly horns and talons.
You have an increased reservoir of magic. (+10% MP)
You shall have no god before yourself.
Your divine heritage dramatically boosts your attributes as you level up.


Message History

You grow a pair of large bovine horns.
Your feet morph into talons.
The jackal barely misses you. The jackal bites you.
You barely miss the jackal. You headbutt the jackal.
You kill the jackal!
The bat hits you but does no damage.
Your Fighting skill increases to level 1!
You hit the bat but do no damage. Your kick misses the bat.
The bat closely misses you.
You closely miss the bat. Your kick misses the bat. The bat hits you.
You hit the jackal but do no damage. You headbutt the jackal.
The jackal is lightly wounded.
The jackal bites you but does no damage.
The jackal bites you.
You hit the jackal but do no damage.
The jackal is lightly wounded.
The jackal bites you.
You completely miss the jackal. You headbutt the jackal.
You kill the jackal!
Your transformation is almost over.
The bat closely misses you.
You barely miss the jackal. Your kick misses the jackal.
The jackal is heavily wounded.
The jackal closely misses you.
You hit the jackal but do no damage. You claw the jackal.
You kill the jackal!
The bat hits you. The bat hits you. The endoplasm freezes you.
You are frozen.
* * * LOW HITPOINT WARNING * * *
Things that are here:
a jackal corpse; a jackal corpse You are too injured to fight recklessly!
Casting: Beastly Appendage (safe; 11% risk of failure)
Confirm with . or Enter, or press ? or * to list all spells.
You extend your transformation's duration.
The bat hits you but does no damage. The endoplasm freezes you.
You are frozen.
You die...

......#...# ?..
.......#...#....
...........#?...
................
...............
...............
#..b........
#...J....... #.#
###@#.###### #.#
#.#.# #.#### #.#.#
#.#>.. #.#.#
#....# #.#..
#.....
#.###########.#...
#.............#>..
#############†#...
#.....


You could see an endoplasm and a bat.

Vanquished Creatures
  4 jackals (D:1)
  A rat (D:1)
5 creatures vanquished.

Notes
Turn   | Place    | Note
-------+----------+-------------------------------------------
     0 | D:1      | croobank the Demigod Transmuter began the quest for the
                  | Orb.
     0 | D:1      | Reached XP level 1. HP: 15/15 MP: 5/5
    65 | D:1      | Reached skill level 1 in Fighting
    73 | D:1      | Frozen to death by an endoplasm

Illustrated notes

Levels and vault maps discovered:
D:1:      lemuel_arrival_broad_hall, layout_basic

Skill      XL: |  1 |
---------------+----+-----
Fighting       | 1 |  1.0
Dodging        | |  1.9
Unarmed Combat | |  2.7
Spellcasting   | |  1.8
Transmutations | |  1.9

Action                     || total
---------------------------++-------
  Melee: Unarmed           ||    21
         Kick              ||     4
         Headbutt          ||     4
         Punch             ||     1
   Cast: Beastly Appendage ||     4
 Armour: Robe              ||    10
  Dodge: Dodged            ||    18

Table legend: (Time is in decaauts)
 A = Elapsed time spent in this place.
 B = Non-inter-level travel time spent in this place.
 C = Inter-level travel time spent in this place.
 D = Time resting spent in this place.
 E = Time spent auto-exploring this place.
 F = Levels seen in this place.
 G = Mean time per level.
                   A        B        C        D        E       F      G
               +--------+--------+--------+--------+--------+-----+--------+
         Total |     71 |     71 |      0 |      0 |     42 |   1 |   71.0 |
       Dungeon |     71 |     71 |      0 |      0 |     42 |   1 |   71.0 |
               +--------+--------+--------+--------+--------+-----+--------+

Top non-repeatable levels by time:
     D:1: 71 daAuts
